 Dungeon Crawl Stone Soup version 0.31-a0-189-ga26ba32dd1 (webtiles) character file.

Game seed: 11740464985869404091

122 qw the Skirmisher (level 4, -9/25 HPs)
             Began as a Deep Elf Hunter on June 23, 2023.
             Splashed by a jelly's acid (11 damage)
             ... on level 2 of the Dungeon.
             The game lasted 00:00:28 (1420 turns).

qw the Skirmisher (Deep Elf Hunter)                 Turns: 1420, Time: 00:00:28

Health: -9/25      AC:  1    Str: 10    XL:     4   Next: 78%
Magic:  6/6        EV: 11    Int: 14    God:
Gold:   117        SH:  0    Dex: 18    Spells: 3/3 levels left

rFire   . . .        Y - +0 shortbow
rCold   . . .        (shield currently unavailable)
rNeg    . . .        d - +0 ring mail
rPois   .            (no helmet)
rElec   .            (no cloak)
rCorr   .            (no gloves)
SInv    .            (no boots)
Will    .....        (no amulet)
Stlth   +            (no ring)
HPRegen 0.24/turn    (no ring)
MPRegen 0.10/turn

%: no passive effects
@: corroded
A: no striking features
a: no special abilities


You were on level 2 of the Dungeon.
You visited 1 branch of the dungeon, and saw 2 of its levels.

You collected 117 gold pieces.


   Skills:
 - Level 1.5 Fighting
 + Level 8.2 Ranged Weapons
 - Level 2.4 Dodging
 - Level 1.2 Stealth


You had 3 spell levels left.
You didn't know any spells.
Your spell library was empty.

Inventory:

Hand Weapons
 Y - a +0 shortbow (weapon)
Armour
 d - a +0 ring mail (worn)
Scrolls
 a - 2 scrolls of identify
 e - a scroll of teleportation {unknown}
Potions
 b - a potion of enlightenment {unknown}
 c - a potion of attraction {unknown}
 f - a potion of curing {unknown}
 g - a potion of invisibility {unknown}
 h - a potion of haste {unknown}

Dungeon Overview and Level Annotations

Branches:
Dungeon (2/15)

Altars:


Message History

The jelly is almost dead.
A nearby fungus withers and dies.
You shoot an arrow. The arrow hits the jelly.
You kill the jelly!
Your Ranged Weapons skill increases to level 8!
You shoot an arrow. The arrow hits the endoplasm.
The endoplasm is lightly wounded.
The endoplasm freezes you.
You are frozen.
The jelly jiggles.
You shoot an arrow.
The arrow completely misses the endoplasm.
The arrow hits the fungus!
The fungus begins to die.
The fungus is lightly damaged.
The endoplasm misses you. The jelly hits you but does no damage.
You shoot an arrow. The arrow hits the endoplasm!
You kill the endoplasm!
The jelly hits you but does no damage.
You shoot an arrow. The arrow hits the jelly.
The jelly is moderately wounded.
The jelly hits you but does no damage.
You shoot an arrow. The arrow barely misses the jelly.
The arrow hits the toadstool.
You destroy the toadstool!
The jelly hits you but does no damage.
You shoot an arrow.
The arrow hits the jelly but does no damage.
The jelly is moderately wounded.
A nearby fungus withers and dies.
The jelly closely misses you. x2
You shoot an arrow. The arrow hits the jelly.
The jelly is heavily wounded.
The jelly hits you. The acid corrodes you!
You are splashed with acid!
You shoot an arrow.
The arrow hits the jelly but does no damage.
The jelly is heavily wounded.
The jelly hits you.
You are splashed with acid.
You shoot an arrow. The arrow hits the jelly!
The jelly is almost dead.
The jelly hits you.
You are splashed with acid!
You die...

......##############.####.##.#.##
......# ###########.........#.##
......# $P%.%..P.#######.##.#...
...##.# .P.P.P.P.# #....[...
...##.# .%..%P.%.# #........
...##.# ...%...P%# #.#######
...##.# .........# ... ...##.#
.P.....J.# #.# ...##.# #######@#
#.# ...##.# ##.....)## #.#
...##.# #.######## ...#
##..'....# ...# ####....# ##.#
#.......# #.# #.......# #.#
#.......# #### #.......#


You could see a jelly.

Vanquished Creatures
  2 jellies (D:2)
  2 adders (D:2)
  2 dart slugs (D:1)
  3 ball pythons
  8 endoplasms (D:2)
  A giant cockroach (D:1)
  4 goblins
  3 hobgoblins
  7 kobolds (D:2)
  3 quokkas (D:1)
  A bat (D:1)
  3 rats
39 creatures vanquished.

Notes
Turn   | Place    | Note
-------+----------+-------------------------------------------
     0 | D:1      | qw the Deep Elf Hunter began the quest for the Orb.
     0 | D:1      | Reached XP level 1. HP: 12/12 MP: 3/3
     0 | D:1      | 0 ||| qw: Version: 0.3-a-9-g12657ce
     0 | D:1      | 0 ||| qw: Game counter: 4444
     0 | D:1      | 0 ||| qw: Always use a shield: true
     0 | D:1      | 0 ||| qw: God list: Okawaru
     0 | D:1      | 0 ||| qw: Allow faded altars: false
     0 | D:1      | 0 ||| qw: Do Orc after D:15 true
     0 | D:1      | 0 ||| qw: Do second Lair branch before Depths: true
     0 | D:1      | 0 ||| qw: Lair rune preference: random
     0 | D:1      | 0 ||| qw: Plans: Normal
     0 | D:1      | 0 ||| PLANNING D:1-11
   109 | D:1      | Found a faded altar of an unknown god.
   212 | D:1      | Reached XP level 2. HP: 16/16 MP: 4/4
   233 | D:1      | Reached skill level 6 in Ranged Weapons
   628 | D:1      | 628 ||| UPGRADING to +0 ring mail.
   638 | D:1      | 638 ||| DROPPING +0 leather armour.
   639 | D:1      | 639 ||| READING scroll labelled GULEVA ZAFOIRCH.
   640 | D:1      | 640 ||| DROPPING scroll of butterflies.
   721 | D:2      | Reached XP level 3. HP: 19/20 MP: 5/5
   999 | D:2      | Reached skill level 7 in Ranged Weapons
  1244 | D:2      | HP: 5/20 [kobold/+0 dagger (1)]
  1342 | D:2      | Reached XP level 4. HP: 25/25 MP: 6/6
  1412 | D:2      | Reached skill level 8 in Ranged Weapons
  1419 | D:2      | HP: 3/25 [acid (6)]
  1420 | D:2      | Splashed by a jelly's acid

Levels and vault maps discovered:
D:1:      dpeg_arrival_stonehenge_8_columns, layout_loops_ring,
          dreamdust_ecumenical_altar_grove, minmay_misc_feat_alley
D:2:      cheibrodos_fertilizer, layout_basic, grunt_ministairs_4

Skill      XL: |  1  2  3  4 |
---------------+-------------+-----
Ranged Weapons | 6 7 8 |  8.2
Fighting       | |  1.5
Dodging        | |  2.4
Stealth        | |  1.2

Action                     |  1- 3 |  4- 6 || total
---------------------------+-------+-------++-------
   Fire: Shortbow          |    87 |    27 ||   114
    Use: Scroll            |     1 |       ||     1
 Armour: Ring mail         |    19 |     4 ||    23
  Dodge: Dodged            |    21 |     6 ||    27

Table legend:
 A = Non-vault XP
 B = Vault XP
 C = Vault XP percentage of total XP
 D = Non-vault monster count
 E = Vault monster count
 F = Vault count percentage of total count
                 A         B        C        D         E       F
            +---------+---------+-------+---------+---------+-------
      Total |      50 |     125 |  71.4 |      21 |      18 |  46.2
            +---------+---------+-------+---------+---------+-------
        D:1 |      28 |       0 |   0.0 |      14 |       0 |   0.0
        D:2 |      22 |     125 |  85.0 |       7 |      18 |  72.0
            +---------+---------+-------+---------+---------+-------
